 Dungeon Crawl Stone Soup version 0.28-a0-1624-g820543e53a (webtiles) character file.

Game seed: 11377057900979121723

707 Shayle the Skirmisher (level 7, -10/56 HPs)
             Began as a Demonspawn Warper on Jan 24, 2022.
             Was an Initiate of Yredelemnul.
             Mangled by an ogre (24 damage)
             ... on level 5 of the Dungeon.
             The game lasted 00:10:19 (4364 turns).

Shayle the Skirmisher (Demonspawn Warper)           Turns: 4364, Time: 00:10:20

Health: -10/56     AC: 11    Str: 11    XL:     7   Next: 39%
Magic:  10/10      EV: 10    Int: 16    God:    Yredelemnul [......]
Gold:   664        SH:  0    Dex: 17    Spells: 10/10 levels left

rFire   . . .      SeeInvis .   r - +2 dagger (drain)
rCold   . . .      Faith    .   (no shield)
rNeg    . . .      Spirit   .   e - +0 ring mail
rPois   .          Reflect  .   k - +1 helmet
rElec   .          Harm     .   i - +0 cloak
rCorr   .          Rampage  .   (no gloves)
Will    +....                   (no boots)
Stlth   +++.......              (no amulet)
HPRegen 0.18/turn               (no ring)
MPRegen 0.12/turn               (no ring)

@: no status effects
A: molten scales 2, powered by death 1, powered by pain 1, demonic touch 1, thin
skeletal structure 1, clever 1, strong-willed 1
a: Renounce Religion, Recall Undead Harvest


You were on level 5 of the Dungeon.
You worshipped Yredelemnul.
Yredelemnul was noncommittal.
You visited 2 branches of the dungeon, and saw 6 of its levels.

You collected 664 gold pieces.

Inventory:

Hand Weapons
 h - a +0 whip of distortion
 r - a +2 dagger of draining (weapon)
 z - a +2 halberd of venom
Missiles
 c - 5 boomerangs of dispersal (quivered)
 l - 5 javelins
 q - 3 curare-tipped darts
Armour
 a - a +0 leather armour
 e - a +0 ring mail (worn)
 i - a +0 cloak (worn)
 k - a +1 helmet (worn)
 y - a +0 pair of boots
Jewellery
 x - a +4 ring of evasion
Wands
 n - a wand of iceblast (11)
Scrolls
 b - a scroll of brand weapon {unknown}
 d - a scroll of fear {unknown}
 g - 2 scrolls of identify {unknown}
 s - a scroll of enchant armour {unknown}
 v - a scroll of teleportation {unknown}
 w - a scroll of noise {unknown}
 A - a scroll of vulnerability {unknown}
Potions
 f - a potion of attraction {unknown}
 j - a potion of haste {unknown}
 m - 3 potions of mutation
 o - a potion of degeneration {unknown}
 p - a potion of curing
 t - a potion of lignification {unknown}
 u - a potion of heal wounds {unknown}


   Skills:
 + Level 5.0 Fighting
 + Level 4.2 Throwing
 - Level 0.8 Armour
 - Level 1.7 Dodging
 + Level 4.4 Stealth
 - Level 1.7 Unarmed Combat
 - Level 2.0 Spellcasting
 - Level 2.6 Translocations
 + Level 0.5 Invocations


You had 10 spell levels left.
You didn't know any spells.
Your spell library contained the following spells:

 Spells                   Type           Power      Damage    Failure   Level
 Blink                    Tloc           20%        N/A       26%         2
 Gell's Gravitas          Tloc           10%        N/A       45%         3
 Lesser Beckoning         Tloc           10%        N/A       45%         3
 Teleport Other           Tloc           10%        N/A       45%         3
 Dazzling Flash           Conj/Hex       2%         N/A       83%         3
 Manifold Assault         Tloc           10%        N/A       99%         5
 Agony                    Necr           1%         N/A       100%        5
 Silence                  Hex/Air        0%         N/A       100%        5


Dungeon Overview and Level Annotations

Branches:
Dungeon (5/15)             Temple (1/1) D:4

Altars:
Ashenzari
Cheibriados
Elyvilon
Makhleb
Okawaru
Uskayaw
Vehumet
Wu Jian
Yredelemnul


Innate Abilities, Weirdness & Mutations

You are mostly covered in molten scales. (AC +3)
You regenerate a little health from kills.
You sometimes gain a little power by taking damage.
Your touch may inflict minor irresistible damage on your foes.
You have a somewhat thin skeletal structure. (Dex +2, Stealth+)
Your mind is acute. (Int +2)
You are strong-willed. (Will+)


Message History

You climb downwards.
Found 11 gold pieces and a scroll labelled LEUZXE RUHULYA.
There is a stone staircase leading up here.
A quokka is nearby!
You see here 11 gold pieces.
You now have 664 gold pieces (gained 11).
Found 14 gold pieces.
You hit the quokka but do no damage. You punch the quokka.
The quokka is severely wounded.
The quokka closely misses you. The quokka completely misses you.
You hit the quokka.
You kill the quokka!
A bullfrog skeleton comes into view.
You see here a scroll labelled LEUZXE RUHULYA.
A - a scroll labelled LEUZXE RUHULYA An ogre comes into view.
It is wielding a +0 giant club.
You see here 14 gold pieces.
The ogre shouts!
The ogre hits you with a +0 giant club!
You barely miss the ogre.
The ogre hits you with a +0 giant club!!
You hit the ogre but do no damage.
You touch the ogre.
The ogre is lightly wounded.
You hit the ogre. Your touch misses the ogre.
The ogre is moderately wounded.
The ogre barely misses you.
You hit the ogre.
The ogre is moderately wounded.
The ogre hits you with a +0 giant club!
* * * LOW HITPOINT WARNING * * *
You hit the ogre.
The ogre is moderately wounded.
The ogre barely misses you.
You hit the ogre.
The ogre is heavily wounded.
You hit the ogre. You drain the ogre.
You touch the ogre.
The ogre is almost dead.
The ogre hits you with a +0 giant club!!
You die...
Your body rises from the dead as a mindless zombie.

.. .## ## ... ##..####..
...## ..... #... ###
.....##...# #.... ##.#
..........###....###..##
#.................#....#
.......O..........))...#
........@................
##.........#.!...........#
#......#........#....##..#
. #.... ##..##...#...###.##
..##...###$#.#...##.......#
........#.........##.......
........#..##.....##..#...#
# ##....## ......##....##
..# ##......###.....#.....#


You could see an ogre (drained).

Vanquished Creatures
  Sigmund (D:3)
  Duvessa (D:5)
  A sky beast (D:5)
  A black bear (D:4)
  Dowan (D:5)
  A hound (D:4)
  An iguana (D:4)
  Ijyb (D:3)
  A gnoll (D:4)
  6 adders
  A worm (D:4)
  A dart slug (D:1)
  4 orcs (D:2)
  3 bats
  6 endoplasms
  2 giant cockroaches (D:3)
  6 goblins
  7 hobgoblins
  4 jackals
  3 quokkas
  2 ball pythons
  3 frilled lizards
  6 kobolds
  5 rats
68 creatures vanquished.

Vanquished Creatures (collateral kills)
  A quokka (D:4)
1 creature vanquished.

Vanquished Creatures (others)
  A quokka zombie (D:4)
1 creature vanquished.

Grand Total: 70 creatures vanquished

Notes
Turn   | Place    | Note
-------+----------+-------------------------------------------
     0 | D:1      | Shayle the Demonspawn Warper began the quest for the Orb.
     0 | D:1      | Reached XP level 1. HP: 16/16 MP: 3/3
     9 | D:1      | Noticed a bullfrog
    19 | D:1      | Reached skill level 1 in Throwing
   462 | D:1      | Gained mutation: You are partially covered in molten
                  | scales. (AC +2) [demonic ancestry]
   462 | D:1      | Reached XP level 2. HP: 16/22 MP: 5/5
   611 | D:1      | Found a faded altar of an unknown god.
   687 | D:1      | Reached skill level 1 in Stealth
  1327 | D:2      | Gained mutation: Your touch may inflict minor irresistible
                  | damage on your foes. [demonic ancestry]
  1327 | D:2      | Reached XP level 3. HP: 22/28 MP: 6/6
  1681 | D:2      | Identified a scroll of acquirement
  1681 | D:2      | Acquired 465 gold pieces
  1796 | D:3      | Noticed Ijyb
  1815 | D:3      | Killed Ijyb
  1816 | D:3      | Reached skill level 3 in Fighting
  1816 | D:3      | Gained mutation: You regenerate a little health from kills.
                  | [demonic ancestry]
  1816 | D:3      | Reached XP level 4. HP: 28/35 MP: 7/7
  2756 | D:3      | Noticed Sigmund
  2935 | D:4      | You fall into a shaft and drop 1 floor!
  2935 | D:5      | Entered Level 5 of the Dungeon
  2935 | D:5      | Noticed Duvessa
  2935 | D:5      | Noticed Dowan
  2947 | D:5      | Killed Duvessa
  2948 | D:5      | Gained mutation: You are mostly covered in molten scales.
                  | (AC +3) [demonic ancestry]
  2948 | D:5      | Reached XP level 5. HP: 29/42 MP: 8/8
  2955 | D:5      | Killed Dowan
  2967 | D:5      | Noticed a sky beast
  2986 | D:5      | Killed a sky beast
  2987 | D:5      | Reached skill level 4 in Fighting
  2987 | D:5      | Reached XP level 6. HP: 34/48 MP: 9/9
  3332 | D:4      | Gained mutation: You are strong-willed. (Will+) [potion of
                  | mutation]
  3332 | D:4      | Gained mutation: You have a somewhat thin skeletal
                  | structure. (Dex +2, Stealth+) [potion of mutation]
  3332 | D:4      | Gained mutation: Your mind is acute. (Int +2) [potion of
                  | mutation]
  3556 | D:3      | Noticed an orc warrior
  3676 | D:3      | Killed Sigmund
  3677 | D:3      | Gained mutation: You sometimes gain a little power by
                  | taking damage. [demonic ancestry]
  3677 | D:3      | Reached XP level 7. HP: 48/55 MP: 10/10
  3700 | D:4      | Found a staircase to the Ecumenical Temple.
  3707 | Temple   | Entered the Ecumenical Temple
  3776 | Temple   | Became a worshipper of Yredelemnul the Dark
  3860 | D:4      | Reached skill level 5 in Fighting
  3930 | D:4      | HP: 1/56 [gnoll (6)]
  4364 | D:5      | Mangled by an ogre

Illustrated notes

Levels and vault maps discovered:
D:1:      evilmike_arrival_come_back, layout_loops_ring,
          shapermc_ecumenical_altar_acropolis
D:2:      layout_basic, minmay_strange_pillars
D:3:      layout_basic, minmay_divided_ellipse, uniq_ijyb, uniq_sigmund
D:4:      layout_cave_pools, minmay_temple_entry_mist, minmay_distorted
D:5:      layout_cave_pools, uniq_duvessa
Temple:   mainiacjoe_temple_archimedes_tessellation

Skill      XL: |  1  2  3  4  5  6  7 |
---------------+----------------------+-----
Throwing       | 1 2 3 4 |  4.2
Stealth        | 1 2 3 4 |  4.4
Fighting       | 3 4 5 |  5.0
Armour         | |  0.8
Dodging        | |  1.7
Unarmed Combat | |  1.7
Spellcasting   | |  2.0
Translocations | |  2.6
Invocations    | |  0.5

Action                   |  1- 3 |  4- 6 |  7- 9 || total
-------------------------+-------+-------+-------++-------
Melee: Unarmed           |   156 |    36 |       ||   192
       Touch             |    11 |    23 |     4 ||    38
       Punch             |     1 |     4 |     1 ||     6
       Dagger            |       |    92 |    18 ||   110
Throw: Boomerang         |       |       |     2 ||     2
Evoke: Wand              |       |       |     1 ||     1
  Use: Scroll            |     1 |     1 |       ||     2
       Potion            |       |     2 |     1 ||     3
 Stab: Sleeping          |       |     8 |     1 ||     9
Armor: Leather armour    |    11 |       |       ||    11
       Ring mail         |    56 |    65 |     4 ||   125
Dodge: Dodged            |    80 |    58 |     8 ||   146

Table legend: (Time is in decaauts)
 A = Elapsed time spent in this place.
 B = Non-inter-level travel time spent in this place.
 C = Inter-level travel time spent in this place.
 D = Time resting spent in this place.
 E = Time spent auto-exploring this place.
 F = Levels seen in this place.
 G = Mean time per level.
                   A        B        C        D        E       F      G
               +--------+--------+--------+--------+--------+-----+--------+
         Total |   4365 |   4140 |    225 |    490 |   2510 |   6 |  727.5 |
       Dungeon |   4249 |   4070 |    179 |    490 |   2453 |   5 |  849.8 |
        Temple |    115 |     69 |     46 |      0 |     57 |   1 |  115.0 |
               +--------+--------+--------+--------+--------+-----+--------+

Top non-repeatable levels by time:
     D:1: 1276 daAuts
     D:3: 1005 daAuts
     D:2: 987 daAuts
     D:4: 800 daAuts
     D:5: 179 daAuts
  Temple: 115 daAuts
